 Dungeon Crawl Stone Soup version 0.31-a0-846-gb3bcc0d938 (webtiles) character file.

Game seed: 12231370190523365766

364 gruber the Skirmisher (level 6, -13/51 HPs)
             Began as a Gnoll Hunter on Oct 3, 2023.
             Mangled by an ogre
             ... wielding a +0 giant spiked club
              (32 damage)
             ... on level 5 of the Dungeon.
             The game lasted 00:02:28 (2642 turns).

gruber the Skirmisher (Gnoll Hunter)                Turns: 2642, Time: 00:02:29

Health: -13/51     AC:  4    Str: 11    XL:     6   Next: 67%
Magic:  9/9        EV: 15    Int:  8    God:
Gold:   165        SH:  0    Dex: 23    Spells: 9/9 levels left

rFire   . . .        a - +0 shortbow
rCold   . . .        (shield currently unavailable)
rNeg    . . .        c - +0 leather armour
rPois   .            (no helmet)
rElec   .            (no cloak)
rCorr   .            (no gloves)
SInv    .            r - +0 pair of boots
Will    .....        (no amulet)
Stlth   +++          d - +6 ring of dexterity
HPRegen 0.28/turn    (no ring)
MPRegen 0.11/turn

%: no passive effects
@: no status effects
A: fangs 1, strong nose, distributed training
a: no special abilities


You were on level 5 of the Dungeon.
You visited 1 branch of the dungeon, and saw 5 of its levels.

You collected 165 gold pieces.

Inventory:

Hand Weapons
 a - a +0 shortbow (weapon)
 j - a +1 dagger of speed
Armour
 c - a +0 leather armour (worn)
 r - a +0 pair of boots (worn)
Jewellery
 d - a +6 ring of dexterity (left hand)
 x - a +6 ring of dexterity
Wands
 s - a wand of charming (8)
Scrolls
 b - a scroll of butterflies
 e - a scroll of enchant weapon {unknown}
 k - 2 scrolls of poison {unknown}
 l - 4 scrolls of revelation {unknown}
 n - a scroll of amnesia {unknown}
 o - 2 scrolls of identify {unknown}
 p - 3 scrolls of vulnerability {unknown}
 u - a scroll of fog {unknown}
 v - a scroll of silence {unknown}
Potions
 f - a potion of enlightenment {unknown}
 g - a potion of brilliance {unknown}
 h - 2 potions of attraction {unknown}
 i - a potion of haste {unknown}
 m - a potion of might {unknown}
 q - 2 potions of heal wounds {unknown}
 t - 2 potions of berserk rage {unknown}
 w - a potion of degeneration {unknown}


   Skills:
 + Level 5.0 Fighting
 + Level 2.1 Short Blades
 + Level 2.1 Long Blades
 + Level 2.1 Axes
 + Level 2.1 Maces & Flails
 + Level 2.1 Polearms
 + Level 2.1 Staves
 + Level 8.8 Ranged Weapons
 + Level 2.1 Throwing
 + Level 2.1 Armour
 + Level 5.0 Dodging
 + Level 3.2 Stealth
 + Level 2.1 Shields
 + Level 2.1 Unarmed Combat
 + Level 2.1 Spellcasting
 + Level 1.6 Conjurations
 + Level 1.6 Hexes
 + Level 1.6 Summonings
 + Level 1.6 Necromancy
 + Level 1.6 Translocations
 + Level 1.6 Transmutations
 + Level 1.6 Fire Magic
 + Level 1.6 Ice Magic
 + Level 1.6 Air Magic
 + Level 1.6 Earth Magic
 + Level 1.6 Poison Magic
 + Level 2.3 Invocations
 + Level 2.1 Evocations
 + Level 1.9 Shapeshifting


You had 9 spell levels left.
You didn't know any spells.
Your spell library contained the following spells:

 Spells                   Type           Power      Damage    Failure   Level
 Malign Gateway           Summ/Tloc      1%         N/A       100%        7
 Summon Horrible Things   Summ           1%         N/A       100%        8


Dungeon Overview and Level Annotations

Branches:
Dungeon (5/15)
 Temple: D:4-7

Altars:

Annotations:
D:3 2 runed translucent doors, orangepiccolo's ghost, weakling MiBe


Innate Abilities, Weirdness & Mutations

You have very sharp teeth.
Your uncanny sense of smell can sniff out nearby items.
Your experience applies equally to all skills.


Message History

Press: ? - help, Q - select action, (/) - cycle Shift-Dir - straight line, f/p - ogre
Aim: an ogre, wielding a +0 giant spiked club (moderately wounded, 80% to hit)
You shoot an arrow. The arrow hits the ogre.
The ogre is heavily wounded.
Unknown command.
Fire: a) +0 shortbow
Press: ? - help, Q - select action, (/) - cycle Shift-Dir - straight line, f/p - ogre
Aim: an ogre, wielding a +0 giant spiked club (heavily wounded, 80% to hit)
You shoot an arrow. The arrow hits the ogre.
The ogre is severely wounded.
The ogre misses you.
Fire: a) +0 shortbow
Press: ? - help, Q - select action, (/) - cycle Shift-Dir - straight line, f/p - ogre
Aim: an ogre, wielding a +0 giant spiked club (severely wounded, 80% to hit)
You shoot an arrow.
The arrow hits the ogre but does no damage.
The ogre is severely wounded.
The ogre barely misses you.
Unknown command.
Fire: a) +0 shortbow
Press: ? - help, Q - select action, (/) - cycle Shift-Dir - straight line, f/p - ogre
Aim: an ogre, wielding a +0 giant spiked club (severely wounded, 80% to hit)
You shoot an arrow. The arrow closely misses the ogre.
Unknown command.
Unknown command.
Fire: a) +0 shortbow
Press: ? - help, Q - select action, (/) - cycle Shift-Dir - straight line, f/p - ogre
Aim: an ogre, wielding a +0 giant spiked club (severely wounded, 80% to hit)
You shoot an arrow. The arrow hits the ogre.
The ogre is severely wounded.
The ogre hits you with a +0 giant spiked club.
Unknown command.
Fire: a) +0 shortbow
Press: ? - help, Q - select action, (/) - cycle Shift-Dir - straight line, f/p - ogre
Aim: an ogre, wielding a +0 giant spiked club (severely wounded, 80% to hit)
You shoot an arrow. The arrow hits the ogre.
The ogre is severely wounded.
The ogre hits you with a +0 giant spiked club!!
Ouch! That really hurt!
You die...

∆ ## .## #
####..##.#
#........#
#........#
#........#
#O.......#
+.@.......
#..(......
#####.....
.... ... ∆
.. .


You could see an ogre.

Vanquished Creatures
  A jelly (D:4)
  A sleepcap (D:4)
  An orc priest (D:4)
  Jessica (D:3)
  An iguana (D:4)
  An orc wizard (D:4)
  6 adders
  3 gnolls (D:3)
  3 worms
  2 dart slugs
  6 orcs
  6 endoplasms
  5 giant cockroaches
  7 goblins
  10 hobgoblins
  8 jackals
  6 quokkas
  7 ball pythons
  8 bats
  2 frilled lizards (D:2)
  7 kobolds
  7 rats
99 creatures vanquished.

Notes
Turn   | Place    | Note
-------+----------+-------------------------------------------
     0 | D:1      | gruber the Gnoll Hunter began the quest for the Orb.
     0 | D:1      | Reached XP level 1. HP: 20/20 MP: 1/1
   205 | D:1      | Reached XP level 2. HP: 26/26 MP: 2/2
   316 | D:1      | Reached XP level 3. HP: 31/31 MP: 3/3
   596 | D:1      | Reached skill level 1 in Invocations
   934 | D:2      | Reached skill level 1 in Short Blades
   934 | D:2      | Reached skill level 1 in Long Blades
   934 | D:2      | Reached skill level 1 in Axes
   934 | D:2      | Reached skill level 1 in Maces & Flails
   934 | D:2      | Reached skill level 1 in Polearms
   934 | D:2      | Reached skill level 1 in Staves
   934 | D:2      | Reached skill level 1 in Throwing
   934 | D:2      | Reached skill level 1 in Armour
   934 | D:2      | Reached skill level 1 in Shields
   934 | D:2      | Reached skill level 1 in Unarmed Combat
   934 | D:2      | Reached skill level 1 in Spellcasting
   934 | D:2      | Reached skill level 1 in Evocations
   953 | D:2      | Reached XP level 4. HP: 38/38 MP: 5/5
  1067 | D:2      | Reached skill level 1 in Shapeshifting
  1527 | D:3      | Reached skill level 1 in Conjurations
  1527 | D:3      | Reached skill level 1 in Hexes
  1527 | D:3      | Reached skill level 1 in Summonings
  1527 | D:3      | Reached skill level 1 in Necromancy
  1527 | D:3      | Reached skill level 1 in Translocations
  1527 | D:3      | Reached skill level 1 in Transmutations
  1527 | D:3      | Reached skill level 1 in Fire Magic
  1527 | D:3      | Reached skill level 1 in Ice Magic
  1527 | D:3      | Reached skill level 1 in Air Magic
  1527 | D:3      | Reached skill level 1 in Earth Magic
  1527 | D:3      | Reached skill level 1 in Poison Magic
  1602 | D:3      | Found a large runed translucent door.
  1602 | D:3      | Found a large runed translucent door.
  1603 | D:3      | Noticed orangepiccolo's ghost (weakling MiBe)
  1708 | D:3      | Noticed Jessica
  1713 | D:3      | Reached XP level 5. HP: 41/43 MP: 5/7
  1718 | D:3      | Killed Jessica
  1895 | D:4      | Reached XP level 6. HP: 39/50 MP: 8/8
  2186 | D:4      | Reached skill level 5 in Fighting
  2186 | D:4      | Reached skill level 5 in Dodging
  2635 | D:5      | Entered Level 5 of the Dungeon
  2642 | D:5      | Mangled by an ogre

Illustrated notes

Levels and vault maps discovered:
D:1:      tekkud_arrival_beachfront_property, layout_loops_corners
D:2:      layout_basic
D:3:      layout_rooms, ebering_ghost_disaster_area, minmay_unequal,
          uniq_jessica
D:4:      cheibrodos_helix_gallery, layout_loops_ring
D:5:      minmay_clustersquares, layout_basic, serial_shops, shop,
          nicolae_stop_n_shop_1, nicolae_shop_vocational, uniq_eustachio,
          uniq_edmund, uniq_crazy_yiuf_cottage, uniq_duvessa, uniq_pikel,
          uniq_grinder

Skill      XL: |  1  2  3  4  5  6 |
---------------+-------------------+-----
Invocations    | 1 2 |  2.3
Short Blades   | 1 2 |  2.1
Long Blades    | 1 2 |  2.1
Axes           | 1 2 |  2.1
Maces & Flails | 1 2 |  2.1
Polearms       | 1 2 |  2.1
Staves         | 1 2 |  2.1
Throwing       | 1 2 |  2.1
Armour         | 1 2 |  2.1
Shields        | 1 2 |  2.1
Unarmed Combat | 1 2 |  2.1
Spellcasting   | 1 2 |  2.1
Evocations     | 1 2 |  2.1
Shapeshifting  | 1 |  1.9
Conjurations   | 1 |  1.6
Hexes          | 1 |  1.6
Summonings     | 1 |  1.6
Necromancy     | 1 |  1.6
Translocations | 1 |  1.6
Transmutations | 1 |  1.6
Fire Magic     | 1 |  1.6
Ice Magic      | 1 |  1.6
Air Magic      | 1 |  1.6
Earth Magic    | 1 |  1.6
Poison Magic   | 1 |  1.6
Stealth        | 3 |  3.2
Fighting       | 5 |  5.0
Dodging        | 5 |  5.0
Ranged Weapons | |  8.8

Action                     |  1- 3 |  4- 6 || total
---------------------------+-------+-------++-------
   Fire: Shortbow          |   101 |   171 ||   272
 Armour: Leather armour    |     9 |    13 ||    22
  Dodge: Dodged            |    29 |    14 ||    43

Table legend: (Time is in decaauts)
 A = Elapsed time spent in this place.
 B = Non-inter-level travel time spent in this place.
 C = Inter-level travel time spent in this place.
 D = Time resting spent in this place.
 E = Time spent auto-exploring this place.
 F = Levels seen in this place.
 G = Mean time per level.
                   A        B        C        D        E       F      G
               +--------+--------+--------+--------+--------+-----+--------+
         Total |   2649 |   2494 |    155 |      0 |   2063 |   5 |  529.8 |
       Dungeon |   2649 |   2494 |    155 |      0 |   2063 |   5 |  529.8 |
               +--------+--------+--------+--------+--------+-----+--------+

Top non-repeatable levels by time:
     D:1: 822 daAuts
     D:4: 789 daAuts
     D:2: 647 daAuts
     D:3: 383 daAuts
     D:5: 6 daAuts
